 Dungeon Crawl Stone Soup version 0.28-a0-957-g42eb19b844 (webtiles) character file.

Game seed: 1413390261992077963

2 meatgazer the Skirmisher (level 1, 0/20 HPs)
             Began as a Minotaur Abyssal Knight on Nov 30, 2021.
             Was an Initiate of Lugonu.
             Slain by a scorpion (5 damage)
             ... on level 5 of the Dungeon.
             The game lasted 00:00:55 (481 turns).

meatgazer the Skirmisher (Minotaur Abyssal Knight)   Turns: 481, Time: 00:00:55

Health: 0/20       AC:  3    Str: 20 (23) XL:     1   Next: 33%
Magic:  1/1        EV: 11    Int:  5 (7)  God:    Lugonu [......]
Gold:   65         SH:  0    Dex:  9 (10) Spells: 0/0 levels left

rFire   . . .      SeeInvis .   a - +1 hand axe
rCold   . . .      Faith    .   (no shield)
rNeg    . . .      Spirit   .   b - +0 leather armour
rPois   .          Reflect  .   (helmet restricted)
rElec   .          Harm     .   (no cloak)
rCorr   .          Rampage  .   (no gloves)
Will    .....                   (no boots)
Stlth   +.........              (no amulet)
HPRegen 0.06/turn               e - +6 ring of strength
MPRegen 0.07/turn               (no ring)

@: lethally poisoned (0 -> -2), unable to read
A: horns 2, retaliatory headbutt, claws 1, low mp 1, inability to read while
threatened
a: Renounce Religion


You were on level 5 of the Dungeon.
You worshipped Lugonu.
Lugonu was noncommittal.
You visited 1 branch of the dungeon, and saw 5 of its levels.
You visited the Abyss 1 time.

You collected 65 gold pieces.

Inventory:

Hand Weapons
 a - a +1 hand axe (weapon)
Armour
 b - a +0 leather armour (worn)
Jewellery
 e - a +6 ring of strength (left claw)
Wands
 d - a wand of mindburst (15)


   Skills:
 + Level 3.7 Fighting
 + Level 2.4 Axes
 + Level 2.6 Armour
 + Level 1.1 Dodging
 + Level 1.7 Invocations


You couldn't memorise any spells.
You didn't know any spells.
Your spell library was empty.

Dungeon Overview and Level Annotations

Branches:
Dungeon (5/15)
 Temple: D:4-7

Altars:


Innate Abilities, Weirdness & Mutations

You have a pair of horns on your head.
You reflexively headbutt those who attack you in melee.
You have sharp fingernails.
Your magical capacity is low. (-10% MP)
You sometimes lose the ability to read scrolls when taking damage.


Message History

There was something very wrong with that liquid.
You feel weakened.
You feel dopey.
You feel clumsy.
Found a dire flail.
You see here a +0 dire flail.
Found 21 arrows.
You now have 47 gold pieces (gained 12).
Your extra speed is starting to run out.
A scorpion comes into view.
The scorpion moves out of view.
You now have 65 gold pieces (gained 18).
You feel yourself slow down.
A scorpion is nearby!
You feel stronger.
e - a +6 ring of strength (left claw)
The scorpion stings you.
You are poisoned.
The scorpion poisons you!
You closely miss the scorpion.
You feel very sick. The scorpion barely misses you.
You hit the scorpion but do no damage. You headbutt the scorpion.
The scorpion is lightly wounded.
You feel sick.
The scorpion stings you but does no damage.
You are too injured to fight recklessly!
You are too injured to fight recklessly!
You are too injured to fight recklessly!
You hit the scorpion. Your headbutt misses the scorpion.
The scorpion is lightly wounded.
You feel sick.
The scorpion stings you but does no damage.
The scorpion misses you.
You slash the scorpion!
The scorpion is severely wounded.
You feel sick. The scorpion misses you.
You hit the scorpion.
The scorpion is almost dead.
You feel sick. The scorpion stings you.
You feel threatened and lose the ability to read scrolls!
You die...

### ### #.. ..# #.#
#.#
##.####.#########
#.....#.#.......#
#..##(#.#.#####.#
#..##.#.#.# #.#
#..)....#.#####.####
#.##.......#.@s....#
#.##...##.##.##.##.#
#.##########.##.# #
##.# #....# #..#
#..### #.## #..#
###.#### #...
.......# ##..
.##.##.#


You could see a scorpion.

Vanquished Creatures
  A giant cockroach (D:2)
  A hobgoblin (D:1)
2 creatures vanquished.

Notes
Turn   | Place    | Note
-------+----------+-------------------------------------------
     0 | Abyss:1  | meatgazer the Minotaur Abyssal Knight began the quest for
                  | the Orb.
     0 | Abyss:1  | Reached XP level 1. HP: 19/19 MP: 1/1
    39 | Abyss:2  | Found a sparkling altar of Nemelex Xobeh.
    47 | Abyss:2  | Noticed a spatial maelstrom
    49 | Abyss:2  | Gained mutation: You are strong-willed. (Will+) [potion of
                  | mutation]
    49 | Abyss:2  | Gained mutation: You are dopey. (Int -2) [potion of
                  | mutation]
    49 | Abyss:2  | Lost mutation: You are strong-willed. (Will+) [potion of
                  | mutation]
    49 | Abyss:2  | Gained mutation: You have sharp fingernails. [potion of
                  | mutation]
    52 | D:1      | Escaped the Abyss
    53 | D:1      | Lost mutation: You are dopey. (Int -2) [potion of mutation]
    53 | D:1      | Gained mutation: Your magical capacity is low. (-10% MP)
                  | [potion of mutation]
    53 | D:1      | Gained mutation: You sometimes lose the ability to read
                  | scrolls when taking damage. [potion of mutation]
   428 | D:5      | Entered Level 5 of the Dungeon
   469 | D:5      | Noticed a scorpion
   481 | D:5      | Slain by a scorpion

Illustrated notes

Levels and vault maps discovered:
D:1:      wheals_arrival_shading, layout_loops_ring, basic_ecumenical_altar,
          st_stairs_1, minmay_strange_pillars, minmay_misc_feat_chi
D:2:      layout_basic, serial_rivers, chequers_serial_rivers_small_a,
          chequers_serial_rivers_small_3, chequers_serial_rivers_micro_c,
          chequers_serial_rivers_small_3
D:3:      layout_rooms, mainiacjoe_overflow_swirl
D:4:      layout_layer_cave, zin_angel, serial_shops,
          nicolae_shop_advertising_works [nicolae_subvault_shop_adworks]
D:5:      layout_loops_cross, minmay_temple_entry_sparse_star, serial_shops,
          shop

Action                   || total
-------------------------++-------
Melee: Hand axe          ||     8
       Headbutt          ||     2
Invok: Depart the Abyss  ||     1
  Use: Potion            ||     4
Armor: Leather armour    ||     3
Dodge: Dodged            ||     6

Table legend: (Time is in decaauts)
 A = Elapsed time spent in this place.
 B = Non-inter-level travel time spent in this place.
 C = Inter-level travel time spent in this place.
 D = Time resting spent in this place.
 E = Time spent auto-exploring this place.
 F = Levels seen in this place.
 G = Mean time per level.
                   A        B        C        D        E       F      G
               +--------+--------+--------+--------+--------+-----+--------+
         Total |    465 |    465 |      0 |      0 |    402 |   7 |   66.4 |
       Dungeon |    413 |    413 |      0 |      0 |    366 |   5 |   82.6 |
         Abyss |     51 |     51 |      0 |      0 |     36 |   2 |   25.5 |
               +--------+--------+--------+--------+--------+-----+--------+

Top non-repeatable levels by time:
     D:1: 300 daAuts
     D:2: 45 daAuts
     D:5: 38 daAuts
 Abyss:2: 31 daAuts
     D:3: 25 daAuts
 Abyss:1: 20 daAuts
     D:4: 3 daAuts
